 Dungeon Crawl Stone Soup version 0.29.1-12-g30fa7ad0bf (webtiles) character file.

Game seed: 11384549373943083504

0 croobank the Sneak (level 1, -1/16 HPs)
             Began as an Octopode Delver on Dec 29, 2022.
             Slain by a gnoll
             ... wielding a +0 flail
              (9 damage)
             ... on level 2 of the Dungeon.
             The game lasted 00:02:56 (184 turns).

croobank the Sneak (Octopode Delver)                 Turns: 184, Time: 00:02:56

Health: -1/16      AC:  1    Str: 11    XL:     1   Next: 10%
Magic:  1/1        EV: 13    Int: 12    God:
Gold:   54         SH:  0    Dex: 13    Spells: 0/0 levels left

rFire   . . .      SeeInvis .   a - +0 hand axe
rCold   . . .      Faith    .   (no shield)
rNeg    . . .      Spirit   .   (helmet restricted)
rPois   .          Reflect  .   c - amulet of regeneration
rElec   .          Harm     .   (no ring)
rCorr   .          Rampage  .   (no ring)
Will    .....                   (no ring)
Stlth   ++++......              (no ring)
HPRegen 0.85/turn               (no ring)
MPRegen 0.07/turn               (no ring)
                                (no ring)
                                (no ring)

@: no status effects
A: almost no armour, amphibious, 8 rings, camouflage 1, gelatinous body 1,
(nimble swimmer 1), tentacles
a: no special abilities


You were on level 2 of the Dungeon.
You visited 1 branch of the dungeon, and saw 5 of its levels.

You collected 54 gold pieces.

Inventory:

Hand Weapons
 a - a +0 hand axe (weapon)
Missiles
 g - 6 stones (quivered)
Jewellery
 c - an amulet of regeneration (around mantle)
Wands
 f - a wand of digging (1)
Scrolls
 b - a scroll of fog
 d - a scroll of fear
Potions
 e - a potion of haste


   Skills:
 + Level 3.0 Fighting
 + Level 2.0 Axes
 + Level 2.0 Dodging
 + Level 6.6 Stealth


You couldn't memorise any spells.
You didn't know any spells.
Your spell library was empty.

Dungeon Overview and Level Annotations

Branches:
Dungeon (6/15)
 Temple: D:4-7

Altars:


Innate Abilities, Weirdness & Mutations

You cannot wear most types of armour.
You are amphibious.
You can wear up to eight rings at the same time.
Your skin changes colour to match your surroundings (Stealth+).
Your rubbery body absorbs attacks. (AC +1, EV +1)
((You are camouflaged when in or above water. (Stealth+)))
You have tentacles for arms and can constrict up to eight enemies at once.


Message History

You climb upwards.
Found 22 gold pieces and a runed brass amulet.
Found a stone staircase leading up.
There is a stone staircase leading down here.
You flicker for a moment.
c - an amulet of regeneration You start putting on your amulet.
You continue putting on your amulet of regeneration. x5
You flicker back into view.
You finish putting on your amulet of regeneration.
The amulet throbs as it attunes itself to your uninjured body.
c - an amulet of regeneration (around mantle)
You now have 44 gold pieces (gained 12).
You now have 54 gold pieces (gained 10).
There is a stone staircase leading up here.
You climb upwards.
Found 7 stones.
There is a stone staircase leading down here.
A rat comes into view.
You hit the rat.
You kill the rat!
You see here 7 stones.
g - 7 stones 2 gnolls come into view.
A gnoll is wielding a +2 antimagic whip.
The gnoll shouts!
You hear a shout! x2
Throw: 7 stones
Press: ? - help, Q - select action Shift-Dir - straight line, f - gnoll
Aim: a gnoll, wielding a +0 flail (61% to hit)
You throw a stone. The stone hits the gnoll.
The gnoll is lightly wounded.
You barely miss the gnoll. You grab the gnoll.
The gnoll is lightly wounded.
You constrict the gnoll. The gnoll hits you with a +0 flail!
Ouch! That really hurt!
You hit the gnoll but do no damage.
The gnoll is lightly wounded.
You constrict the gnoll. The gnoll hits you with a +0 flail!
Ouch! That really hurt!
You die...

......#.###.......#
.......#.##.......#
........###.......#
.......g..#.......#
....#####...#.#.###
###.#######....>####.#.
# #.......†..........
#.........##########
+..........g@.......
#.......############
#........ #.######## #.
#


You could see a gnoll.

Vanquished Creatures
  A rat (D:2)
1 creature vanquished.

Notes
Turn   | Place    | Note
-------+----------+-------------------------------------------
     0 | D:5      | croobank the Octopode Delver began the quest for the Orb.
     0 | D:5      | Reached XP level 1. HP: 16/16 MP: 1/1
     6 | D:6      | Noticed a phantom
     7 | D:6      | Noticed a kobold brigand
    51 | D:5      | Noticed an iguana
    56 | D:6      | Noticed a jelly
    89 | D:5      | Noticed an iguana
    93 | D:4      | Noticed an ogre
   104 | D:4      | Noticed an iguana
   184 | D:2      | Slain by a gnoll

Illustrated notes

Levels and vault maps discovered:
D:2:      wad_pebble_path, layout_basic, chequers_avenue
D:3:      layout_basic, uniq_grinder
D:4:      layout_loops_ring, minmay_temple_entry_grid, serial_shops, shop,
          minmay_ogre_servants
D:5:      layout_basic, kb_xom_exploding_sheep, mainiacjoe_overflow_24_doors,
          lemuel_round_altar
D:6:      layout_cave_pools, nicolae_hepliaklqana_monster_ancestors

Action                   || total
-------------------------++-------
Melee: Hand axe          ||     3
       Constrict         ||     1
Throw: Stone             ||     1
Evoke: Wand              ||     2
  Use: Scroll            ||     1
       Potion            ||     1
